 Dungeon Crawl Stone Soup version 0.20-a0-920-gb18bc0f (webtiles) character file.

1283 thirteen the Covered (level 8, -4/51 HPs)
             Began as a Gargoyle Berserker on Mar 25, 2017.
             Was a Priest of Trog.
             Killed by divine providence
             ... invoked by an orc priest
              (15 damage)
             ... on level 5 of the Dungeon on Mar 26, 2017.
             The game lasted 00:17:27 (3632 turns).

thirteen the Covered (Gargoyle Berserker)           Turns: 3632, Time: 00:17:28

Health: -4/51      AC: 16    Str: 21    XL:     8   Next: 55%
Magic:  8/8        EV: 11    Int:  8    God:    Trog [***...]
Gold:   167        SH:  2    Dex: 11    Spells: 7/7 levels left

rFire    . . .     SeeInvis .   a - +0 flail
rCold    . . .     Gourm    .   (no shield)
rNeg     + + .     Faith    .   m - +0 scale mail
rPois    ∞         Spirit   .   e - +1 helmet
rElec    +         Reflect  +   (no cloak)
rCorr    .         Harm     .   q - +0 pair of gloves
MR       .....                  (no boots)
Stlth    ..........             j - +2 amulet of reflection (curse)
Regen    0.2/turn               t - ring of positive energy
MPRegen  0.2/turn               (no ring)

@: exhausted, slowed, very slow
A: negative energy resistance 1, electricity resistance, unbreathing,
petrification resistance, rot immunity, AC +5
a: Berserk, Trog's Hand, Burn Spellbooks, Renounce Religion


You were on level 5 of the Dungeon.
You worshipped Trog.
Trog was most pleased with you.
You were very hungry.

You visited 1 branch of the dungeon, and saw 5 of its levels.

You collected 167 gold pieces.

Inventory:

Hand Weapons
 a - a +0 flail (weapon)
 b - a +0 hunting sling
Missiles
 u - 74 sling bullets
Armour
 e - a +1 helmet (worn)
 m - a +0 scale mail (worn)
 q - a +0 pair of gloves (worn)
 x - the cursed +0 robe "Ydyl" {*Drain rElec MP+9 Str+6, unknown}
   (You found it on level 5 of the Dungeon)

   It affects your strength (+6).
   It insulates you from electricity.
   It affects your magic capacity (+9).
   It causes draining when unequipped.
   It has a curse placed upon it.
Jewellery
 j - a cursed +2 amulet of reflection (around neck)
 t - a ring of positive energy (left hand)
Scrolls
 g - 3 scrolls of teleportation {@r0}
 v - a scroll of fog
 y - a scroll of remove curse {@r1}
 A - a scroll of random uselessness {unknown}
Potions
 f - a potion of resistance
 h - 2 potions of curing {@q2}
 i - a potion of cancellation {unknown}
 k - a potion of ambrosia {unknown}
 l - a potion of flight {unknown}
 n - a potion of heal wounds {unknown}
 o - a potion of might
 p - a potion of brilliance {unknown}
 r - a potion of magic {unknown}
 z - a potion of invisibility {unknown}
Comestibles
 c - 6 bread rations {@e1}
 d - 2 fruits {@e2}
 s - 2 meat rations {@e1}
 w - 4 chunks of flesh


   Skills:
 - Level 6.0 Fighting
 - Level 6.1 Maces & Flails
 - Level 6.5 Armour
 * Level 3.9 Dodging


You had 7 spell levels left.
You didn't know any spells.

Dungeon Overview and Level Annotations

Branches:
Dungeon (5/15)
 Temple: D:4-7

Altars:
Elyvilon
Makhleb
Qazlal
Uskayaw
Vehumet
Xom
Zin


Innate Abilities, Weirdness & Mutations

You are resistant to torment.
Your stone body is resilient. (AC +5)
You are immune to poison.
You resist negative energy. (rN+)
You are resistant to electric shocks. (rElec)
You can survive without breathing.
You are immune to petrification.
You are immune to rotting.


Message History

You take 17 damage, and have 18/76 hp.
MASSIVE DAMAGE!!
You closely miss the phantom. The phantom misses you.
The orc priest closely misses you. The orc closely misses you.
You sock the phantom!
The phantom hits you but does no damage.
The orc hits you from afar with a trident.
* * * LOW HITPOINT WARNING * * *
You block the orc priest's attack.
You take 2 damage, and have 16/76 hp.
You are no longer berserk.
You are exhausted.
You feel as though you will be slow longer.
The orc priest hits you but does no damage.
You now have 11/51 hp.
You block the phantom's attack.
An iguana comes into view.
The iguana hisses angrily.
The orc priest calls down the wrath of Beogh upon you.
Beogh smites you!
You die...

# . # #. .# #. ...#. . #.
#.#. ... #.# #.. #. >...#..
.###. ########
......o#####..##.##......##
.....lo)oW@.#..#..........#
....#.#####................
. # ###.###..........
#..##..........
##...[.........
###........... ###........#
##......... #..........


You could see a phantom, an iguana, an orc priest and 2 orcs.

Vanquished Creatures
  The ghost of FastMan the Shield-Bearer, a novice FoFi (D:4)
  Grinder (D:3)
  2 centaurs (D:5)
  2 scorpions (D:4)
  A howler monkey (D:5)
  A crimson imp (D:5)
  A hound (D:3)
  2 orc wizards
  Terence (D:2)
  A worker ant (D:4)
  Robin (D:2)
  A howler monkey zombie (D:5)
  5 adders
  A shadow imp (D:5)
  An ooze (D:3)
  5 worms
  A dart slug (D:1)
  4 leopard geckos
  15 orcs
  A ball python (D:2)
  6 bats
  2 giant cockroaches (D:1)
  14 goblins
  5 hobgoblins
  5 jackals (D:1)
  2 quokkas
  4 frilled lizards
  7 kobolds
  A leopard gecko skeleton (D:4)
  8 rats
102 creatures vanquished.

Notes
Turn   | Place    | Note
-------+----------+-------------------------------------------
     0 | D:1      | thirteen the Gargoyle Berserker began the quest for the Orb.
     0 | D:1      | Reached XP level 1. HP: 14/14 MP: 1/1
   154 | D:1      | Reached XP level 2. HP: 20/20 MP: 2/2
   181 | D:1      | Reached skill level 4 in Fighting
   435 | D:1      | Reached XP level 3. HP: 24/24 MP: 3/3
   513 | D:1      | Reached ** piety under Trog
  1040 | D:2      | Reached skill level 5 in Fighting
  1160 | D:2      | Reached XP level 4. HP: 31/31 MP: 4/4
  1213 | D:2      | Found a burning altar of Makhleb.
  1461 | D:2      | Noticed Terence
  1471 | D:2      | Killed Terence
  1545 | D:2      | Noticed Robin
  1557 | D:2      | Reached skill level 6 in Fighting
  1566 | D:2      | Reached XP level 5. HP: 28/36 MP: 5/5
  1574 | D:2      | Killed Robin
  1823 | D:3      | Reached skill level 4 in Maces & Flails
  1966 | D:3      | Reached *** piety under Trog
  1970 | D:3      | Found a shimmering altar of Xom.
  2075 | D:3      | Noticed Grinder
  2130 | D:3      | Killed Grinder
  2130 | D:3      | Reached skill level 5 in Maces & Flails
  2130 | D:3      | Reached XP level 6. HP: 41/41 MP: 6/6
  2411 | D:4      | Reached skill level 6 in Maces & Flails
  2411 | D:4      | Reached XP level 7. HP: 46/46 MP: 7/7
  2412 | D:4      | Found a radiant altar of Vehumet.
  2412 | D:4      | Found a hide-covered altar of Uskayaw.
  2413 | D:4      | Found a glowing silver altar of Zin.
  2513 | D:4      | Reached skill level 3 in Armour
  2784 | D:4      | Found a stormy altar of Qazlal.
  2789 | D:4      | Noticed FastMan's ghost (novice FoFi)
  2950 | D:4      | Killed FastMan's ghost
  2950 | D:4      | Reached skill level 6 in Armour
  2950 | D:4      | Reached XP level 8. HP: 51/51 MP: 8/8
  3381 | D:4      | Found a white marble altar of Elyvilon.
  3390 | D:4      | Reached skill level 2 in Dodging
  3491 | D:5      | Entered Level 5 of the Dungeon
  3523 | D:5      | Reached skill level 3 in Dodging
  3577 | D:5      | Got a dull robe
  3632 | D:5      | Killed from afar by an orc priest

Vault maps used:
D:1:      dpeg_arrival_court, grunt_decor_clamped, minmay_box_of_dots
D:2:      lightli_temple_of_fire, nicolae_overflow_hidden_temple, first_bread,
          minmay_misc_feat_cross, wad_floor_pattern_2, uniq_terence, uniq_robin
D:3:      xom_butterflies, uniq_grinder
D:4:      lemuel_coloured_pillars_altar, nicolae_qazlal_general_emergency,
          grunt_temple_overflow_open
D:5:      tso_altar, nicolae_overflow_crystal_walls

Skill      XL: |  1  2  3  4  5  6  7  8 |
---------------+-------------------------+-----
Fighting       | 4 5 6 |  6.0
Maces & Flails | 5 6 |  6.1
Armour         | 6 |  6.5
Dodging        | 3 |  3.9

Action                   |  1- 3 |  4- 6 |  7- 9 || total
-------------------------+-------+-------+-------++-------
Melee: Mace              |   122 |   104 |       ||   226
       Unarmed           |       |    10 |       ||    10
       Flail             |       |    19 |   154 ||   173
Invok: Berserk           |       |     1 |     2 ||     3
  Use: Scroll            |     4 |     3 |     2 ||     9
  Eat: Chunk             |     1 |     5 |     5 ||    11
Armor: Ring mail         |    76 |    29 |       ||   105
       Animal skin       |     1 |       |       ||     1
       Scale mail        |       |    28 |    85 ||   113
       Skin              |       |     2 |       ||     2
Dodge: Dodged            |   107 |    88 |    87 ||   282
Block: Other             |     2 |     8 |    12 ||    22
